 Dungeon Crawl Stone Soup version 0.28.0-43-g3370ac3207 (webtiles) character file.

Game seed: 16563269768215338220

88794 Peloso the Fencer (level 15, -1/145 HPs)
             Began as a Minotaur Fighter on Mar 6, 2022.
             Was the Champion of Okawaru.
             Slain by a slime creature (4 damage)
             ... on level 14 of the Dungeon.
             The game lasted 00:57:38 (29959 turns).

Peloso the Fencer (Minotaur Fighter)               Turns: 29959, Time: 00:57:40

Health: -1/145     AC: 23    Str: 39    XL:     15   Next: 47%
Magic:  15/15      EV: 11    Int:  5    God:    Okawaru [******]
Gold:   1623       SH: 19    Dex: 15    Spells: 14/14 levels left

rFire   + + .      SeeInvis .   a - +0 scimitar (flame)
rCold   . . .      Faith    .   R - +2 tower shield
rNeg    . . .      Spirit   .   Q - +2 chain mail {rF+}
rPois   +          Reflect  .   H - +1 hat "Qioluta" {Rampage rCorr Dex+3}
rElec   +          Harm     .   l - +1 cloak {Will+}
rCorr   +          Rampage  +   P - +0 pair of gloves "Kyam" {rElec Int+3}
Will    ++++.      Rage     50% k - +0 pair of boots "Vipnied" {*Slow +Inv Str+7}
Stlth   ..........              X - necklace of Bloodlust {*Rage Will++ Int-3 Slay+6}
HPRegen 0.34/turn               h - +6 ring of strength
MPRegen 0.14/turn               f - ring "Mupa Fer" {rElec rPois rF+}

@: about to teleport, on berserk cooldown, studying Crossbows
A: horns 2, retaliatory headbutt
a: Renounce Religion, Evoke Invisibility, Heroism, Finesse, Duel


You were on level 14 of the Dungeon.
You worshipped Okawaru.
Okawaru was exalted by your worship.
You visited 4 branches of the dungeon, and saw 23 of its levels.
You also visited: Volcano.

You collected 2701 gold pieces.
You spent 1078 gold pieces at shops.

Inventory:

Hand Weapons
 a - a +0 scimitar of flaming (weapon)
 b - a +2 demon blade of draining
Armour
 c - a +0 buckler
 k - the +0 pair of boots "Vipnied" (worn) {*Slow +Inv Str+7}
   (You bought it in a shop on level 2 of the Orcish Mines)

   Str:       It affects your strength (+7).
   +Inv:      It lets you turn invisible.
   *Slow:     It may slow you when you take damage.
 l - a +1 cloak of willpower (worn)
 H - the +1 hat "Qioluta" (worn) {Rampage rCorr Dex+3}
   (Okawaru gifted it to you on level 12 of the Dungeon)

   Dex:       It affects your dexterity (+3).
   rCorr:     It protects you from acid and corrosion.
   Rampage:   It bestows one free step when moving towards enemies.
 P - the +0 pair of gloves "Kyam" (worn) {rElec Int+3}
   (Okawaru gifted it to you in a volcano)

   Int:       It affects your intelligence (+3).
   rElec:     It insulates you from electricity.
 Q - a +2 chain mail of fire resistance (worn)
 R - a +2 tower shield (worn)
Jewellery
 f - the ring "Mupa Fer" (right hand) {rElec rPois rF+}
   (You bought it in a shop on level 2 of the Orcish Mines)

   [ring of protection from fire]

   rF:        It protects you from fire.
   rElec:     It insulates you from electricity.
   rPois:     It protects you from poison.
 h - a +6 ring of strength (left hand)
 n - an amulet of reflection
 r - an amulet of faith
 v - a +4 ring of evasion
 w - the ring of Iphiuhas {+Blink rN+++ Will- rCorr Dex+2}
   (You found it on level 6 of the Lair of Beasts)

   [ring of resist corrosion]

   Dex:       It affects your dexterity (+2).
   rN:        It renders you almost immune to negative energy.
   +Blink:    It lets you blink.
   rCorr:     It protects you from acid and corrosion.
   Will:      It decreases your willpower.
 z - an amulet of guardian spirit
 A - a ring of flight
 E - a ring of resist corrosion
 K - a ring of magical power
 L - an amulet of the acrobat
 V - a ring of willpower
 X - the necklace of Bloodlust (around neck) {*Rage Will++ Int-3 Slay+6}
   (You found it on level 3 of the Lair of Beasts)

   [amulet of nothing]

   It extends the wearer's berserk rage when killing foes.
   Int:       It affects your intelligence (-3).
   Slay:      It affects your accuracy & damage with ranged weapons and melee
   (+6).
   *Rage:     It berserks you when you make melee attacks (+50% chance).
   Will:      It greatly increases your willpower.
Wands
 j - a wand of flame (17)
 C - a wand of paralysis (10)
 I - a wand of acid (3)
 N - a wand of iceblast (8)
 U - a wand of digging (5)
Scrolls
 g - a scroll of enchant armour
 m - a scroll of acquirement
 o - 3 scrolls of magic mapping
 q - 3 scrolls of blinking
 s - 7 scrolls of teleportation
 y - 2 scrolls of noise
 B - 2 scrolls of identify
 D - 7 scrolls of fear
 G - 2 scrolls of summoning {unknown}
 T - 2 scrolls of immolation
 Y - 2 scrolls of silence {unknown}
Potions
 d - a potion of ambrosia
 e - a potion of resistance
 i - 10 potions of curing
 p - a potion of cancellation
 t - a potion of mutation
 u - 3 potions of haste
 x - 3 potions of magic {unknown}
 F - 2 potions of flight {unknown}
 J - 2 potions of might
 M - 5 potions of attraction {unknown}
 O - a potion of brilliance
 W - 4 potions of heal wounds {unknown}
 Z - a potion of experience {unknown}


   Skills:
 + Level 16.7 Fighting
 + Level 18.2 Long Blades
 + Level 17.1 Armour
 + Level 6.9 Dodging
 + Level 4.0 Stealth
 + Level 12.4 Shields
 + Level 2.6 Invocations
 + Level 1.1 Evocations


You had 14 spell levels left.
You didn't know any spells.
Your spell library contained the following spells:

 Spells                   Type           Power      Damage    Failure   Level
 Pain                     Necr           0%         1d4       99%         1
 Ensorcelled Hibernation  Hex/Ice        0%         N/A       100%        2
 Confusing Touch          Hex            0%         N/A       100%        3
 Conjure Flame            Conj/Fire      0%         6-21      100%        3
 Gell's Gravitas          Tloc           0%         N/A       100%        3
 Ignite Poison            Fire/Tmut/Pois 0%         N/A       100%        3
 Lesser Beckoning         Tloc           0%         N/A       100%        3
 Mephitic Cloud           Conj/Pois/Air  0%         N/A       100%        3
 Spider Form              Tmut/Pois      0%         N/A       100%        3
 Teleport Other           Tloc           0%         N/A       100%        3
 Vampiric Draining        Necr           0%         2d6       100%        3
 Anguish                  Hex/Necr       0%         N/A       100%        4
 Iskenderun's Mystic Bla  Conj/Tloc      0%         2d3       100%        4
 Sticky Flame             Conj/Fire      0%         2d3       100%        4
 Fireball                 Conj/Fire      0%         3d3       100%        5
 Freezing Cloud           Conj/Ice/Air   0%         6-21      100%        5
 Dispersal                Tloc           0%         N/A       100%        6
 Starburst                Conj/Fire      0%         6d3       100%        6
 Enfeeble                 Hex            0%         N/A       100%        7
 Ignition                 Fire           0%         3d3       100%        8
 Animate Skeleton         Necr           Unusable   N/A       N/A         1

Dungeon Overview and Level Annotations

Branches:
Dungeon (14/15)            Temple (1/1) D:5            Lair (6/6) D:11
 Shoals (0/4) Lair:3        Snake (0/4) Lair:3        Slime (0/5) Lair:6
    Orc (2/2) D:9             Elf (0/3) Orc:2        Vaults (0/5) D:14
Volcano (visited)

Altars:
Ashenzari
Elyvilon
Fedhas
Gozag
Hepliaklqana
Kikubaaqudgha
Okawaru
Qazlal
Sif Muna
Trog
Uskayaw
Vehumet
Wu Jian
Xom
Yredelemnul
Zin
The Shining One
Jiyva

Shops:
D:4 (   D:5 =   D:11 !   Orc:2 =:[?

Annotations:
D:12 Casa


Innate Abilities, Weirdness & Mutations

You have a pair of horns on your head.
You reflexively headbutt those who attack you in melee.


Message History

You feel strangely unstable.
The vampire mosquito bites you but does no damage.
You block the vampire mosquito's attack.
The slime creature closely misses you.
The white ugly thing tentacle-slaps you but does no damage.
The cyan ugly thing stings you! The cyan ugly thing shocks you. You resist.
The cyan ugly thing basks in the mutagenic energy from its kin and changes!
You block the slime creature's attack.
The vampire mosquito closely misses you.
You slash the cyan ugly thing! You burn the cyan ugly thing.
You headbutt the cyan ugly thing.
The cyan ugly thing is almost dead.
You block the vampire mosquito's attack.
The cyan ugly thing basks in the mutagenic energy from its kin and changes!
The green ugly thing basks in the mutagenic energy from its kin and changes!
You block the slime creature's attack.
The vampire mosquito closely misses you.
You furiously retaliate!
You headbutt the vampire mosquito.
The boulder beetle stops rolling and uncurls.
The vampire mosquito bites you.
The vampire mosquito draws strength from your injuries!
The white ugly thing tentacle-slaps you.
The white ugly thing freezes you!!
* * * LOW HITPOINT WARNING * * *
The cyan ugly thing tail-slaps you but does no damage.
You block the cyan ugly thing's attack. The slime creature hits you!
* * * LOW HITPOINT WARNING * * *
You feel better.
You block the vampire mosquito's attack. x2
The slime creature completely misses you.
The vampire mosquito barely misses you.
The vampire mosquito closely misses you.
The white ugly thing tentacle-slaps you but does no damage.
The cyan ugly thing tail-slaps you.
* * * LOW HITPOINT WARNING * * *
The cyan ugly thing shocks you. You resist.
* * * LOW HITPOINT WARNING * * *
The cyan ugly thing basks in the mutagenic energy from its kin and changes!
The slime creature hits you.
You die...

...................
......##.......)........
.... ..##...........(...
..... ..................
.....##........).......)
........................
.........####...........
##....uyy.##............
.....Bu@u...............
###
.....°JJuu#.#..#........
..#
.##..°uu..####.#......##
p# #........#
........... y..#
#.......... ..........?.
u..+
#.......................
...#
...........##...##..#...
.#.# ##.^.....#.##....
###### ..##


You could see a boulder beetle, 7 ugly things, 2 slime creatures and 2 vampire
mosquitoes.

Vanquished Creatures
  Gastronok (D:11)
  2 dire elephants (Lair:6)
  Snorg (D:10)
  2 vault guards (D:14)
  An ice dragon (Lair:6)
  Harold (Lair:1)
  11 hydras
  4 centaur warriors
  Erolcha (D:11)
  A boulder beetle (D:11)
  2 catoblepae (D:13)
  An ogre mage (Volcano)
  A death knight (D:13)
  7 two-headed ogres
  2 tengu warriors (D:13)
  9 death yaks
  A two-headed ogre (shapeshifter) (D:13)
  A hell knight (Volcano)
  Sonja (Lair:4)
  Nergalle (Lair:2)
  4 lindwurms (Lair:6)
  Pikel (D:6)
  3 orc knights
  An ugly thing (D:12)
  6 cyclopes
  2 wolf spiders (Lair:6)
  2 manticores
  13 elephants
  5 black mambas
  3 merfolk sirens (Lair:3)
  6 torpor snails
  2 molten gargoyles (Volcano)
  9 cane toads
  3 gargoyles
  A kobold demonologist (D:12)
  3 rime drakes
  Psyche (D:10)
  10 komodo dragons
  2 freezing wraiths (D:14)
  2 meliai (D:14)
  5 trolls
  3 tyrant leeches (Lair:6)
  A merfolk (Lair:3)
  9 slime creatures
  A polar bear (Lair:3)
  11 blink frogs
  8 hornets
  16 dream sheep (Lair:6)
  Grinder (D:6)
  Sigmund (D:6)
  A vampire (D:13)
  A centaur simulacrum (D:14)
  38 yaks
  6 basilisks
  5 wyverns
  Grum (D:11)
  5 fire bats
  3 steam dragons
  4 vampire mosquitoes (D:10)
  A naga (Lair:3)
  14 water moccasins
  An acid dragon (D:8)
  2 black bears
  2 ice beasts
  40 orc warriors
  A necrophage (D:8)
  6 ogres
  14 wolves
  25 centaurs
  A phantom (D:7)
  2 lemures (D:5)
  A kobold brigand (D:8)
  Blork the orc (D:5)
  5 earth elementals (D:13)
  6 bullfrogs
  A scorpion (D:6)
  A gnoll sergeant (D:10)
  5 wights (D:8)
  4 electric eels
  6 howler monkeys
  8 lava snakes (Volcano)
  3 centaur skeletons
  3 jellies
  A bullfrog skeleton (D:5)
  3 centaur zombies
  A gnoll shaman (D:6)
  14 orc priests
  3 hounds
  A scorpion zombie (D:5)
  24 orc wizards
  A killer bee zombie (D:9)
  A howler monkey zombie (D:10)
  9 gnolls
  5 adders
  3 white imps
  2 adder skeletons (D:4)
  A worm (D:5)
  5 dart slugs
  82 orcs
  6 endoplasms
  2 giant cockroaches
  6 hobgoblins
  13 kobolds
  3 quokkas (D:1)
  5 ball pythons
  4 bats
  2 frilled lizards
  9 goblins
  8 rats
617 creatures vanquished.

Vanquished Creatures (others)
  11 fungi
  19 plants
30 creatures vanquished.

Grand Total: 647 creatures vanquished

Notes
Turn   | Place    | Note
-------+----------+-------------------------------------------
     0 | D:1      | Peloso the Minotaur Fighter began the quest for the Orb.
     0 | D:1      | Reached XP level 1. HP: 19/19 MP: 0/0
   328 | D:1      | Found a faded altar of an unknown god.
   352 | D:1      | Reached XP level 2. HP: 20/27 MP: 1/1
   639 | D:1      | Reached skill level 3 in Long Blades
   823 | D:1      | Reached XP level 3. HP: 33/33 MP: 2/2
  1981 | D:3      | Found an opulent altar of Gozag.
  2070 | D:3      | Noticed an ice beast
  2072 | D:3      | Killed an ice beast
  2073 | D:3      | Reached skill level 4 in Long Blades
  2073 | D:3      | Reached XP level 4. HP: 41/41 MP: 3/3
  2073 | D:3      | Reached XP level 5. HP: 47/47 MP: 4/4
  2260 | D:3      | Found a broken altar of Ashenzari.
  2420 | D:3      | Reached skill level 1 in Dodging
  2506 | D:4      | Found a stormy altar of Qazlal.
  2523 | D:4      | Reached skill level 5 in Long Blades
  2523 | D:4      | Reached skill level 5 in Armour
  2549 | D:4      | Found Yreyshom's Weapon Shop.
  2643 | D:4      | Reached skill level 5 in Fighting
  2653 | D:4      | Reached XP level 6. HP: 51/56 MP: 5/5
  2941 | D:4      | Found an ancient bone altar of Kikubaaqudgha.
  2941 | D:4      | Found a radiant altar of Vehumet.
  2942 | D:4      | Found a blossoming altar of Fedhas.
  3133 | D:4      | Found a glowing golden altar of the Shining One.
  3186 | D:5      | Entered Level 5 of the Dungeon
  3221 | D:5      | Found a staircase to the Ecumenical Temple.
  3227 | D:5      | Noticed Blork the orc
  3242 | D:5      | Killed Blork the orc
  3248 | D:5      | HP: 2/56 [ogre/+0 giant club (8)]
  3549 | D:5      | Reached skill level 6 in Long Blades
  3561 | Temple   | Entered the Ecumenical Temple
  3572 | Temple   | Became a worshipper of Warmaster Okawaru
  3639 | D:5      | Found an ornate altar of the Wu Jian Council.
  3665 | D:5      | Reached XP level 7. HP: 43/61 MP: 6/6
  3775 | D:5      | Identified the +7 spear of Beyond {vorpal, *Noise rN+ rCorr
                  | Dex+4}
  3961 | D:5      | Reached skill level 7 in Long Blades
  4009 | D:5      | Found Xiwn's Jewellery Shop.
  4323 | D:5      | Reached * piety under Okawaru
  4362 | D:6      | Noticed Sigmund
  4370 | D:6      | Killed Sigmund
  4371 | D:6      | Reached XP level 8. HP: 68/70 MP: 7/7
  4375 | D:6      | Noticed Grinder
  4388 | D:5      | Reached skill level 8 in Long Blades
  4458 | D:6      | Killed Grinder
  4708 | D:6      | Noticed Pikel
  4721 | D:6      | Killed Pikel
  4721 | D:6      | Reached ** piety under Okawaru
  4722 | D:6      | Reached skill level 9 in Long Blades
  4722 | D:6      | Reached skill level 5 in Shields
  4722 | D:6      | Reached XP level 9. HP: 50/78 MP: 8/8
  4895 | D:6      | Found a hazy altar of Hepliaklqana.
  4942 | D:6      | Found a white marble altar of Elyvilon.
  5316 | D:7      | Reached skill level 10 in Long Blades
  5370 | D:7      | Identified the +6 whip of Slimy Watchfulness {drain, rC-
                  | Will+ rCorr Dex+4}
  5988 | D:7      | Found a shimmering altar of Xom.
  6008 | D:7      | Reached skill level 11 in Long Blades
  6557 | D:8      | Reached *** piety under Okawaru
  6558 | D:8      | Reached skill level 1 in Stealth
  7183 | D:8      | Reached skill level 12 in Long Blades
  7359 | D:8      | Noticed a two-headed ogre
  7366 | D:8      | Killed a two-headed ogre
  7367 | D:8      | Reached XP level 10. HP: 47/88 MP: 6/9
  7558 | D:8      | Reached **** piety under Okawaru
  7625 | D:8      | You fall into a shaft and drop 3 floors!
  7627 | D:11     | Noticed a manticore
  7640 | D:11     | Killed a manticore
  7730 | D:10     | Entered Level 10 of the Dungeon
  7781 | D:10     | Noticed Snorg
  7796 | D:10     | Killed Snorg
  7796 | D:10     | Reached ***** piety under Okawaru
  7797 | D:10     | Reached skill level 10 in Armour
  7959 | D:9      | Reached skill level 13 in Long Blades
  9023 | D:9      | Identified the +12 triple sword of World's End {vorpal,
                  | rPois rC+ Will+ Stlth+} (Okawaru gifted it to you on level
                  | 9 of the Dungeon)
  9023 | D:9      | Received a gift from Okawaru
  9320 | D:9      | Found a staircase to the Orcish Mines.
  9568 | D:9      | Found a shimmering blue altar of Sif Muna.
  9940 | D:10     | Reached XP level 11. HP: 91/97 MP: 10/10
  9982 | D:10     | Found a hide-covered altar of Uskayaw.
 10195 | D:10     | Noticed Psyche
 10202 | D:10     | Killed Psyche
 10388 | D:10     | Reached skill level 14 in Long Blades
 10589 | D:11     | Noticed Gastronok
 10857 | D:11     | Noticed Erolcha
 10868 | D:11     | Killed Erolcha
 10885 | D:11     | Noticed a boulder beetle
 10919 | D:11     | Killed a boulder beetle
 11150 | D:11     | Received a gift from Okawaru
 11237 | D:11     | Noticed a two-headed ogre
 11245 | D:11     | Killed a two-headed ogre
 11246 | D:11     | Reached skill level 10 in Fighting
 11246 | D:11     | Reached skill level 1 in Invocations
 11371 | D:11     | Found a staircase to the Lair.
 11427 | D:11     | Noticed Grum
 11498 | D:11     | Killed Grum
 11633 | D:11     | Found Wanete's Distillery.
 11642 | D:11     | Bought a potion of mutation for 112 gold pieces
 11642 | D:11     | Bought a potion of might for 56 gold pieces
 11719 | D:11     | Killed Gastronok
 12102 | Lair:1   | Entered Level 1 of the Lair of Beasts
 12169 | Lair:1   | Reached ****** piety under Okawaru
 12192 | Lair:1   | Reached XP level 12. HP: 80/108 MP: 11/11
 12192 | Lair:1   | Found a dark tunnel.
 12293 | Volcano  | Entered a volcano
 12742 | Volcano  | Found a bloodstained altar of Trog.
 12742 | Volcano  | Noticed a two-headed ogre
 12742 | Volcano  | Noticed a two-headed ogre
 12742 | Volcano  | Noticed an ogre mage
 12742 | Volcano  | Noticed a two-headed ogre
 12749 | Volcano  | Killed a two-headed ogre
 12750 | Volcano  | Reached skill level 15 in Long Blades
 12753 | Volcano  | Killed a two-headed ogre
 12756 | Volcano  | Killed a two-headed ogre
 12762 | Volcano  | Killed an ogre mage
 13096 | Volcano  | Noticed a two-headed ogre
 13099 | Volcano  | Killed a two-headed ogre
 13192 | Volcano  | Identified the +0 pair of gloves "Kyam" {rElec Int+3}
                  | (Okawaru gifted it to you in a volcano)
 13192 | Volcano  | Received a gift from Okawaru
 13502 | Volcano  | Got the Papyrus of Quantum Enchantment
 13824 | Lair:1   | Noticed Harold
 13833 | Lair:1   | Killed Harold
 14446 | Lair:1   | Noticed an eight-headed hydra
 14452 | Lair:1   | Killed a four-headed hydra
 14477 | Lair:1   | Identified the +6 short sword "Ruott" {pain, Fly rN+ Int-4
                  | Dex+9}
 14615 | Lair:1   | Noticed an eight-headed hydra
 14622 | Lair:1   | Killed a six-headed hydra
 14797 | Lair:1   | You are sucked into a shaft and drop 1 floor!
 14868 | Lair:1   | Noticed a six-headed hydra
 14868 | Lair:1   | Noticed a five-headed hydra
 14876 | Lair:1   | Killed a two-headed hydra
 14880 | Lair:1   | Killed a three-headed hydra
 15136 | Lair:2   | Noticed Nergalle
 15145 | Lair:2   | Killed Nergalle
 15392 | Lair:2   | Reached XP level 13. HP: 106/119 MP: 13/13
 16248 | Lair:3   | Reached skill level 16 in Long Blades
 16312 | Lair:3   | Found the necklace of Bloodlust {*Rage Will++ Int-3 Slay+6}
 16524 | Lair:3   | Found a staircase to the Shoals.
 17014 | Lair:3   | Reached skill level 5 in Dodging
 17116 | Lair:3   | Found a staircase to the Snake Pit.
 18259 | D:12     | Identified the +1 hat "Qioluta" {Rampage rCorr Dex+3}
                  | (Okawaru gifted it to you on level 12 of the Dungeon)
 18259 | D:12     | Received a gift from Okawaru
 18286 | D:12     | Identified a scroll of acquirement
 18795 | Orc:1    | Entered Level 1 of the Orcish Mines
 19326 | Orc:2    | Entered Level 2 of the Orcish Mines
 21525 | Orc:2    | Found Ynwix's Antique Armour Shop.
 21525 | Orc:2    | Found Wecen's Book Emporium.
 21527 | Orc:2    | Found Zaqaib's Jewellery Shoppe.
 21529 | Orc:2    | Found Amuclun's Magic Scroll Boutique.
 21543 | Orc:2    | Reached skill level 10 in Shields
 21586 | Orc:2    | Bought a scroll of enchant armour for 90 gold pieces
 21586 | Orc:2    | Bought a scroll of immolation for 42 gold pieces
 21586 | Orc:2    | Bought a scroll of identify for 24 gold pieces
 21591 | Orc:2    | Bought the ring "Mupa Fer" {rElec rPois rF+} for 432 gold
                  | pieces
 21594 | Orc:2    | Bought a pair of warped boots for 180 gold pieces
 21594 | Orc:2    | Identified the +0 pair of boots "Vipnied" {*Slow +Inv
                  | Str+7} (You bought it in a shop on level 2 of the Orcish
                  | Mines)
 21609 | Orc:2    | Bought a glowing cloak for 142 gold pieces
 21950 | Orc:2    | Found a staircase to the Elven Halls.
 22466 | D:13     | Reached skill level 15 in Armour
 23699 | D:13     | Received a gift from Okawaru
 23700 | D:13     | Reached XP level 14. HP: 132/132 MP: 14/14
 24475 | Lair:4   | Noticed Sonja
 24491 | Lair:4   | Killed Sonja
 24526 | Lair:4   | Reached skill level 17 in Long Blades
 24950 | Lair:4   | Received a gift from Okawaru
 25290 | Lair:4   | Reached skill level 15 in Fighting
 26058 | Lair:5   | Identified the +8 hunting sling of the Gnat {speed, rPois}
                  | (Okawaru gifted it to you on level 5 of the Lair of Beasts)
 26058 | Lair:5   | Received a gift from Okawaru
 26640 | Lair:6   | Entered Level 6 of the Lair of Beasts
 26745 | Lair:6   | Reached skill level 1 in Evocations
 27120 | Lair:6   | Found a staircase to the Slime Pits.
 27120 | Lair:6   | Found a viscous altar of Jiyva.
 27390 | Lair:6   | Received a gift from Okawaru
 27653 | Lair:6   | Reached XP level 15. HP: 139/143 MP: 15/15
 27674 | Lair:6   | Identified the ring of Iphiuhas {+Blink rN+++ Will- rCorr
                  | Dex+2}
 27929 | Lair:6   | Found a runed translucent door.
 28874 | Lair:6   | Identified the +6 whip of Vera {elec, rC+ rCorr Str+2
                  | Dex-3}
 29146 | Lair:6   | Reached skill level 18 in Long Blades
 29675 | D:14     | Found a gate to the Vaults.
 29958 | D:14     | HP: 4/145 [slime creature (7)]
 29959 | D:14     | Slain by a slime creature

Illustrated notes

Levels and vault maps discovered:
D:1:      dpeg_arrival_orchard, layout_basic, basic_ecumenical_altar
D:2:      layout_basic, chequers_decorated_corner
D:3:      layout_loops_ring, lemuel_round_altar, nicolae_gozag_seed_capital
D:4:      layout_rooms, gammafunk_temple_overflow_claw, marbit_many_paths,
          grunt_qazlal_clouds, serial_shops, nicolae_shop_trees, minmay_between
D:5:      layout_basic, nzn_wu_jian_contemplation, temple_doors_ab,
          serial_shops, shop, nrook_mini_backslash, uniq_blork_the_orc
D:6:      layout_rooms, mainiacjoe_overflow_six_doors_small,
          worldfamousw_hep_ancestral_shrine, kennysheep_generic_room_2,
          uniq_sigmund, uniq_grinder, uniq_pikel
D:7:      layout_basic, lemuel_crystal_altar
D:8:      layout_gridville, minmay_manual_mares
D:9:      layout_roguey, tgw_sif, erik_orc_2
D:10:     layout_rooms, nicolae_uskayaw_murder_on_the_dancefloor,
          serial_corexii_hall, corexii_hall_statues_t, corexii_hall_statues_s,
          corexii_hall_statues_u, corexii_hall_statues_t,
          corexii_hall_statues_x, corexii_hall_statues_i, uniq_snorg,
          uniq_psyche
D:11:     layout_gridville, david_lair_generic, serial_shops, shop_statue,
          st_stairs_13, uniq_gastronok, uniq_grum, uniq_erolcha
D:12:     layout_long_grid
D:13:     layout_big_octagon, hangedman_cracks_in_the_wall
D:14:     layout_cave_pools, lightli_vaults_fourway_checkpoint,
          lemuel_flamethrower_3
Temple:   compressed_dpeg_triangle_lava_temple
Lair:1:   layout_cave_pods, nicolae_volcano_entry_batcave,
          infiniplex_staircase_pool, uniq_harold
Lair:2:   layout_hall_layers, nicolae_quartered_pool_super, uniq_nergalle
Lair:3:   layout_roguey, elwin_shoals_entry_stream, guppyfry_snake_entry_island,
          lemuel_fruit_fields
Lair:4:   layout_cave_pods, uniq_sonja
Lair:5:   layout_layer_cave, cheibrodos_lair_reptile_den
Lair:6:   hangedman_lair_in_review, layout_regular_city, wormcave,
          slime_altar_1, lemuel_fruit_tree
Orc:1:    layout_caves, mines_bat_river
Orc:2:    st_orc_rangers, layout_caves

Skill      XL: |  1  2  3  4  5  6  7  8  9 10 11 12 13 14 15 |
---------------+----------------------------------------------+-----
Armour         | 4 5 6 8 9 10 12 14 15 16 17 | 17.1
Fighting       | 4 5 6 7 9 10 12 14 15 16 | 16.7
Long Blades    | 3 4 5 6 7 9 12 13 14 15 16 17 18 | 18.2
Dodging        | 1 2 3 4 5 6 |  6.9
Shields        | 4 5 6 7 8 10 11 12 | 12.4
Stealth        | 1 2 3 4 |  4.0
Invocations    | 1 2 |  2.6
Evocations     | 1 |  1.1

Action                   |  1- 3 |  4- 6 |  7- 9 | 10-12 | 13-15 || total
-------------------------+-------+-------+-------+-------+-------++-------
Melee: Long sword        |    86 |    90 |   225 |       |       ||   401
       Headbutt          |     7 |    13 |    35 |   103 |   200 ||   358
       Scimitar          |       |       |    14 |   498 |   822 ||  1334
Invok: Heroism           |       |       |     2 |    15 |     4 ||    21
Evoke: Wand              |       |       |     2 |    10 |     2 ||    14
  Use: Scroll            |       |       |     6 |     5 |    11 ||    22
       Potion            |       |       |       |     1 |     2 ||     3
 Stab: Invisible         |       |       |       |     3 |       ||     3
       Distracted        |       |       |       |       |     1 ||     1
Armor: Scale mail        |    42 |       |       |       |       ||    42
       Chain mail        |     1 |    51 |   128 |   112 |   504 ||   796
       Plate armour      |       |       |       |   103 |       ||   103
Dodge: Dodged            |    29 |    30 |    98 |   159 |   468 ||   784
Block: Buckler           |    15 |    11 |    58 |   115 |   294 ||   493
       Tower shield      |       |       |       |       |    30 ||    30
